 Dungeon Crawl Stone Soup version 0.31-a0-185-g9dded2c639 (webtiles) character file.

Game seed: 8398105521403452382

65 qw the Shooter (level 3, 0/20 HPs)
             Began as a Deep Elf Hunter on June 22, 2023.
             Slain by Terence
             ... wielding a +2 mace of holy wrath
              (1 damage)
             ... on level 2 of the Dungeon.
             The game lasted 00:00:28 (722 turns).

qw the Shooter (Deep Elf Hunter)                     Turns: 722, Time: 00:00:28

Health: 0/20       AC:  5    Str: 10    XL:     3   Next: 92%
Magic:  5/5        EV: 11    Int: 13    God:
Gold:   57         SH:  0    Dex: 18    Spells: 2/2 levels left

rFire   . . .        Y - +0 shortbow
rCold   . . .        (shield currently unavailable)
rNeg    . . .        f - +0 ring mail
rPois   .            (no helmet)
rElec   .            (no cloak)
rCorr   .            (no gloves)
SInv    .            (no boots)
Will    .....        (no amulet)
Stlth   +            (no ring)
HPRegen 0.23/turn    (no ring)
MPRegen 0.09/turn

%: no passive effects
@: no status effects
A: no striking features
a: no special abilities


You were on level 2 of the Dungeon.
You visited 1 branch of the dungeon, and saw 2 of its levels.

You collected 81 gold pieces.
You spent 24 gold pieces at shops.


   Skills:
 - Level 1.5 Fighting
 + Level 7.4 Ranged Weapons
 - Level 2.4 Dodging
 - Level 1.2 Stealth


You had 2 spell levels left.
You didn't know any spells.
Your spell library was empty.

Inventory:

Hand Weapons
 Y - a +0 shortbow (weapon)
Armour
 f - a +0 ring mail (worn)
Scrolls
 a - 2 scrolls of identify
 b - a scroll of enchant weapon {unknown}
Potions
 c - a potion of mutation {unknown}
 d - a potion of heal wounds {unknown}
 g - a potion of attraction {unknown}

Dungeon Overview and Level Annotations

Branches:
Dungeon (2/15)

Altars:

Shops:
D:2 *

Annotations:
D:2 Terence


Message History

Enter note:
Enter note:
Enter note:
Enter note:
Enter note:
Enter note:
Enter note: You shoot an arrow.
The arrow hits Terence but does no damage.
A bat comes into view.
You shoot an arrow. The arrow hits Terence.
Terence is lightly wounded.
You shoot an arrow. The arrow completely misses Terence.
Terence hits you with a +2 mace of holy wrath. x2
You shoot an arrow. The arrow hits Terence!
Terence is heavily wounded.
The bat misses you. Terence closely misses you.
You shoot an arrow. The arrow hits Terence.
Terence is severely wounded.
The bat barely misses you.
Terence drinks a potion.
Terence is healed!
You shoot an arrow. The arrow hits Terence.
Terence is severely wounded.
The bat closely misses you. The bat hits you but does no damage.
Terence barely misses you.
You shoot an arrow. The arrow hits Terence.
Terence is severely wounded.
The bat closely misses you.
Terence hits you with a +2 mace of holy wrath.
The bat hits you but does no damage.
You shoot an arrow.
The arrow hits Terence but does no damage.
Terence is severely wounded.
The bat barely misses you. The bat closely misses you.
Terence hits you with a +2 mace of holy wrath!
The bat hits you but does no damage. Terence barely misses you.
You shoot an arrow. The arrow hits Terence.
Terence is almost dead.
The bat barely misses you.
Terence hits you with a +2 mace of holy wrath.
You die...

#.... #.... .
#.... .. #....
... #.... ....
## ##### .....
......###......
#.....@@.....[
#.......b..###
#..........#
####+#######


You could see Terence and a bat.

Vanquished Creatures
  A dart slug (D:1)
  3 orcs (D:2)
  8 ball pythons
  4 bats
  9 endoplasms
  3 giant cockroaches (D:1)
  7 goblins
  6 hobgoblins
  3 kobolds (D:1)
  5 frilled lizards
  3 rats
52 creatures vanquished.

Notes
Turn   | Place    | Note
-------+----------+-------------------------------------------
     0 | D:1      | qw the Deep Elf Hunter began the quest for the Orb.
     0 | D:1      | Reached XP level 1. HP: 12/12 MP: 3/3
     0 | D:1      | 0 ||| qw: Version: 0.3-a-9-g12657ce
     0 | D:1      | 0 ||| qw: Game counter: 1848
     0 | D:1      | 0 ||| qw: Always use a shield: true
     0 | D:1      | 0 ||| qw: God list: Okawaru
     0 | D:1      | 0 ||| qw: Allow faded altars: false
     0 | D:1      | 0 ||| qw: Do Orc after D:15 true
     0 | D:1      | 0 ||| qw: Do second Lair branch before Depths: true
     0 | D:1      | 0 ||| qw: Lair rune preference: random
     0 | D:1      | 0 ||| qw: Plans: Normal
     0 | D:1      | 0 ||| PLANNING D:1-11
    80 | D:1      | Reached XP level 2. HP: 16/16 MP: 4/4
    89 | D:1      | Reached skill level 6 in Ranged Weapons
   272 | D:1      | Reached XP level 3. HP: 20/20 MP: 5/5
   433 | D:1      | 433 ||| DROPPING scarf of shadows.
   434 | D:1      | 434 ||| UPGRADING to +0 ring mail.
   444 | D:1      | 444 ||| DROPPING +0 leather armour.
   445 | D:1      | 445 ||| READING 2 scrolls labelled HEYNTAJECY.
   446 | D:1      | 446 ||| DROPPING scroll of butterflies.
   520 | D:2      | Reached skill level 7 in Ranged Weapons
   564 | D:2      | Found Teuzimal's General Store.
   576 | D:2      | 576 ||| SHOPLISTING potion of mutation (96 gold, have 64).
   576 | D:2      | 576 ||| SHOPLISTING scroll of acquirement (624 gold, have
                  | 64).
   576 | D:2      | 576 ||| BUYING scroll of identify (24 gold).
   576 | D:2      | Bought a scroll of identify for 24 gold pieces
   713 | D:2      | Noticed Terence
   721 | D:2      | HP: 1/20 [Terence/+2 mace of holy wrath (8)]
   722 | D:2      | Slain by Terence

Levels and vault maps discovered:
D:1:      minmay_arrival_stone_box, layout_rooms,
          hangedman_abyss_or_decor_lesser_grid
D:2:      layout_basic, serial_shops, nicolae_lakefront_shop,
          guppyfry_early_orc_mine, uniq_terence

Skill      XL: |  1  2  3 |
---------------+----------+-----
Ranged Weapons | 6 7 |  7.4
Fighting       | |  1.5
Dodging        | |  2.4
Stealth        | |  1.2

Action                     || total
---------------------------++-------
   Fire: Shortbow          ||   118
    Use: Scroll            ||     1
 Armour: Leather armour    ||    11
         Ring mail         ||     6
  Dodge: Dodged            ||    39

Table legend:
 A = Non-vault XP
 B = Vault XP
 C = Vault XP percentage of total XP
 D = Non-vault monster count
 E = Vault monster count
 F = Vault count percentage of total count
                 A         B        C        D         E       F
            +---------+---------+-------+---------+---------+-------
      Total |      77 |      16 |  17.2 |      45 |       7 |  13.5
            +---------+---------+-------+---------+---------+-------
        D:1 |      58 |       0 |   0.0 |      32 |       0 |   0.0
        D:2 |      19 |      16 |  45.7 |      13 |       7 |  35.0
            +---------+---------+-------+---------+---------+-------
